AoeStats
← 无套干炮

Arabia

504923819Analyzed
1v1 RM · 26d ago on Sep 7, 2026· 35m 57s· 2 players
Game mode
Random Map
Map size
Tiny (2 player)
Population
200
Speed
Normal
Resources
Standard
Victory
Conquest
Starting age
Dark Age
Ending age
Imperial Age
RankedLock teamsTeams togetherTeam positionsShared explorationLock speedFull tech treeHidden civsTurbo modeCheats
Victory
Defeat
🇨🇳 Inca · China
684
+18
🇺🇸 Japanese · United States
724
-18
无套干炮
10:19 Loom
12:05 Feudal Age
17:14 Castle Age
15:09 Double-Bit Axe
16:29 Fletching
19:19 Wheelbarrow
19:21 Padded Archer Armor
24:56 Squires
25:07 Horse Collar
26:23 Heavy Plow
26:29 Arson
28:07 Champi Runner
28:59 Scale Mail Armor
30:45 Town Watch
32:12 Forging
33:03 Bow Saw
32:56 Gold Mining
34:42 Chain Mail Armor
35:02 Iron Casting
SnowballInHell
6:11 Loom
10:30 Feudal Age
14:01 Man-at-Arms
14:45 Double-Bit Axe
15:03 Arson
19:12 Scale Mail Armor
22:27 Castle Age
23:10 Long Swordsman
24:19 Gambesons
28:12 Stone Mining
28:48 Horse Collar
31:36 Bow Saw
33:02 Squires
33:32 Pikeman
Connection lost

Rejoining the realm…

Still unreachable

The connection could not be restored.

Session expired

The server has moved on; the page needs a fresh start.